AoeStats
← 海旋风

Hideout

503141288Analyzed
4v4 RM · 1mo ago on Aug 30, 2026· 77m 17s· 8 players
Game mode
Random Map
Map size
Large (8 player)
Population
200
Speed
Normal
Resources
Standard
Victory
Conquest
Starting age
Dark Age
Ending age
Imperial Age
RankedLock teamsTeams togetherTeam positionsShared explorationLock speedFull tech treeHidden civsTurbo modeCheats
Victory
Defeat
🇨🇳 Franks · China
816
+15
🇦🇷 Britons · Argentina
737
+18
🇦🇷 Chinese · Argentina
701
+20
🇨🇳 Malay · China
682
+21
🇨🇳 Wu · China
820
-20
🇨🇳 Chinese · China
819
-20
🇭🇺 Japanese · Hungary
776
-18
🇹🇷 Celts · Türkiye
741
-16
Havas
4:31 Loom
10:59 Feudal Age
12:50 Wheelbarrow
12:09 Horse Collar
12:15 Double-Bit Axe
14:14 Gold Mining
14:33 Town Watch
20:09 Castle Age
19:32 Scale Mail Armor
19:47 Forging
20:30 Stone Mining
21:22 Bow Saw
22:51 Husbandry
23:10 Bloodlines
25:40 Heavy Plow
28:20 Hand Cart
28:34 Scale Barding Armor
29:59 Town Patrol
30:08 Scale Mail Armor
29:57 Arson
33:16 Imperial Age
31:09 Squires
32:15 Treadmill Crane
33:04 Chain Mail Armor
32:14 Pikeman
34:18 Gold Shaft Mining
34:21 Conscription
34:26 Kataparuto
35:26 Two-Man Saw
34:29 Caravan
35:33 Chemistry
34:53 Ballistics
39:52 Halberdier
41:15 Plate Mail Armor
40:45 Arson
43:36 Iron Casting
54:18 Murder Holes
57:13 Cavalier
62:55 Blast Furnace
64:51 Hoardings
65:37 Elite Samurai
67:43 Coinage
The kantinci
20:42 Feudal Age
24:21 Gold Mining
24:23 Stone Mining
24:21 Double-Bit Axe
25:13 Horse Collar
25:51 Forging
25:42 Scale Mail Armor
29:08 Castle Age
33:28 Gold Shaft Mining
33:31 Stone Shaft Mining
33:55 Bow Saw
39:19 Imperial Age
38:40 Ballistics
41:08 Iron Casting
40:49 Chain Mail Armor
42:00 Treadmill Crane
42:26 Siege Engineers
43:22 Chemistry
41:52 Elite Woad Raider
42:53 Conscription
42:56 Heavy Plow
43:09 Heavy Scorpion
44:54 Caravan
45:24 Coinage
45:30 Guilds
48:17 Blast Furnace
47:47 Plate Mail Armor
47:24 Scale Barding Armor
47:19 Padded Archer Armor
47:10 Fletching
49:27 Furor Celtica
50:21 Wheelbarrow
49:37 Town Watch
49:38 Loom
51:06 Caravan
51:37 Coinage
52:35 Leather Archer Armor
52:16 Bodkin Arrow
68:16 Hand Cart
风中有朵蒲公英
11:42 Feudal Age
15:59 Castle Age
14:56 Double-Bit Axe
15:50 Horse Collar
16:53 Heavy Plow
17:10 Loom
18:09 Wheelbarrow
19:43 Bow Saw
24:49 Hand Cart
27:42 Scale Barding Armor
28:56 Chain Barding Armor
30:10 Town Watch
36:23 Imperial Age
36:27 Husbandry
37:13 Pikeman
37:54 Squires
40:07 Scale Mail Armor
40:57 Forging
42:20 Halberdier
44:29 Chain Mail Armor
48:14 Light Cavalry
51:59 Gold Mining
56:02 Plate Mail Armor
56:08 Iron Casting
蝼蚁
11:01 Feudal Age
16:36 Loom
16:56 Gold Mining
16:58 Stone Mining
22:29 Castle Age
20:30 Horse Collar
20:39 Double-Bit Axe
24:39 Heavy Plow
24:50 Padded Archer Armor
24:40 Fletching
25:43 Bow Saw
25:50 Leather Archer Armor
26:27 Wheelbarrow
26:05 Bodkin Arrow
29:27 Gold Shaft Mining
29:28 Stone Shaft Mining
30:35 Red Cliffs Tactics
31:41 Hand Cart
35:26 Imperial Age
36:02 Caravan
37:34 Two-Man Saw
36:02 Elite Fire Archer
37:47 Pikeman
40:31 Chemistry
39:52 Ballistics
39:49 Sitting Tiger
39:55 Halberdier
40:36 Squires
42:08 Bracer
49:11 Husbandry
49:21 Bloodlines
48:35 Heavy Hei Guang Cavalry
50:26 Scale Barding Armor
50:32 Forging
62:47 Scale Mail Armor
65:27 Chain Mail Armor
66:07 Iron Casting
海旋风
12:27 Feudal Age
13:05 Loom
18:25 Castle Age
19:19 Double-Bit Axe
21:39 Bow Saw
22:55 Wheelbarrow
25:50 Hand Cart
33:14 Imperial Age
31:52 Town Watch
32:13 Husbandry
31:34 Light Cavalry
33:19 Cavalier
35:15 Gold Mining
35:16 Stone Mining
35:58 Scale Barding Armor
36:48 Paladin
38:48 Hoardings
38:48 Chain Barding Armor
38:41 Forging
40:22 Pikeman
41:03 Squires
40:48 Arson
41:58 Onager
46:48 Caravan
47:59 Man-at-Arms
48:26 Gambesons
48:41 Squires
48:27 Arson
50:22 Long Swordsman
53:16 Chemistry
52:14 Murder Holes
53:21 Fortified Wall
52:57 Arrowslits
53:25 Two-Handed Swordsman
64:16 Iron Casting
64:17 Plate Barding Armor
63:45 Guard Tower
64:01 Siege Engineers
64:07 Masonry
64:17 Ballistics
67:48 Blast Furnace
72:37 Town Patrol
nachoandy10000
0:35 Loom
15:07 Feudal Age
17:02 Wheelbarrow
16:13 Town Watch
18:57 Double-Bit Axe
19:16 Horse Collar
19:29 Stone Mining
20:38 Gold Mining
26:54 Castle Age
25:59 Man-at-Arms
26:25 Arson
28:32 Bow Saw
28:24 Caravan
29:04 Coinage
28:03 Crossbowman
28:51 Heavy Plow
30:43 Gold Shaft Mining
30:59 Stone Shaft Mining
31:58 Thumb Ring
32:39 Hand Cart
33:13 Squires
35:15 Great Wall
34:49 Pikeman
40:23 Imperial Age
40:59 Ballistics
40:52 Fortified Wall
40:36 Guard Tower
40:37 Heated Shot
40:58 Masonry
40:44 Murder Holes
41:05 Fortified Wall
40:51 Murder Holes
41:10 Fortified Wall
44:06 Elite Fire Lancer
44:12 Halberdier
45:33 Conscription
44:34 Elite Chu Ko Nu
46:44 Sappers
47:56 Arbalester
50:31 Arrowslits
51:22 Keep
51:49 Chemistry
52:50 Rocketry
57:26 Banking
58:39 Architecture
58:30 Bombard Tower
58:37 Bombard Tower
59:21 Two-Man Saw
64:11 Town Patrol
65:16 Fletching
65:27 Padded Archer Armor
65:39 Forging
65:29 Scale Mail Armor
65:51 Forging
65:50 Scale Mail Armor
66:11 Bodkin Arrow
67:38 Bracer
67:55 Leather Archer Armor
68:00 Chain Mail Armor
70:24 Plate Mail Armor
70:28 Ring Archer Armor
70:37 Iron Casting
77:42 Blast Furnace
冷冷的风
12:05 Feudal Age
12:31 Wheelbarrow
11:38 Horse Collar
11:49 Double-Bit Axe
19:06 Castle Age
17:52 Stone Mining
20:26 Bow Saw
20:25 Heavy Plow
21:28 Hand Cart
24:02 Gold Mining
27:44 Loom
27:41 Pikeman
30:40 Stone Shaft Mining
30:41 Gold Shaft Mining
33:42 Husbandry
35:39 Forging
35:35 Scale Barding Armor
38:39 Imperial Age
37:45 Iron Casting
38:55 Conscription
38:14 Elite Battle Elephant
40:52 Blast Furnace
49:47 Caravan
alejandronicolass97
11:21 Feudal Age
11:54 Double-Bit Axe
11:53 Horse Collar
16:14 Stone Mining
17:05 Gold Mining
17:15 Loom
22:26 Castle Age
22:31 Padded Archer Armor
22:22 Fletching
23:29 Leather Archer Armor
24:28 Bow Saw
25:33 Bodkin Arrow
26:53 Fortified Wall
28:43 Treadmill Crane
30:22 Ballistics
32:10 Heated Shot
33:24 Wheelbarrow
39:31 Imperial Age
41:13 Chemistry
40:46 Ring Archer Armor
40:17 Bracer
42:45 Elite Longbowman
45:32 Conscription
47:09 Caravan
47:31 Hand Cart
47:06 Town Watch
47:44 Forging
47:46 Masonry
49:54 Hoardings
56:58 Yeomen
56:38 Warwolf
58:18 Town Patrol
59:16 Sappers
68:30 Two-Man Saw
68:08 Gold Shaft Mining
Connection lost

Rejoining the realm…

Still unreachable

The connection could not be restored.

Session expired

The server has moved on; the page needs a fresh start.